 Dungeon Crawl Stone Soup version 0.29.1-15-g9cfb28693d (webtiles) character file.

Game seed: 5286136938542160358

92 promet the Covered (level 4, -6/40 HPs)
             Began as a Minotaur Fighter on Mar 16, 2023.
             Was a Believer of Uskayaw.
             Mangled by Crazy Yiuf
             ... wielding a +4 quarterstaff of chaos
              (11 damage)
             ... on level 3 of the Dungeon.
             The game lasted 00:14:00 (3744 turns).

promet the Covered (Minotaur Fighter)               Turns: 3744, Time: 00:14:03

Health: -6/40      AC:  8    Str: 20 (21) XL:     4   Next: 35%
Magic:  3/3        EV:  9    Int:  4 (7)  God:    Uskayaw [**....]
Gold:   100        SH:  4    Dex:  8 (9)  Spells: 3/3 levels left

rFire   . . .      SeeInvis .   a - +0 long sword
rCold   . . .      Faith    .   c - +0 buckler
rNeg    . . .      Spirit   .   b - +0 scale mail
rPois   .          Reflect  .   (helmet restricted)
rElec   .          Harm     .   (no cloak)
rCorr   .          Rampage  .   (no gloves)
Will    .....                   l - +0 pair of boots
Stlth   ..........              (no amulet)
HPRegen 0.13/turn               (no ring)
MPRegen 0.08/turn               (no ring)

@: mighty, lethally poisoned (-6 -> -14)
A: horns 2, retaliatory headbutt
a: Renounce Religion, Stomp, Line Pass


You were on level 3 of the Dungeon.
You worshipped Uskayaw.
Uskayaw was noncommittal.
You visited 1 branch of the dungeon, and saw 3 of its levels.

You collected 100 gold pieces.

Inventory:

Hand Weapons
 a - a +0 long sword (weapon)
 g - a +0 sling
 q - a +0 spear
Missiles
 i - 28 stones (quivered)
 t - 3 poisoned darts
Armour
 b - a +0 scale mail (worn)
 c - a +0 buckler (worn)
 l - a +0 pair of boots (worn)
Jewellery
 j - a ring of ice
Scrolls
 k - a scroll of enchant armour {unknown}
 m - a scroll of teleportation
 n - 2 scrolls of identify
 p - a scroll of fear
 s - a scroll of blinking {unknown}
 u - a scroll of enchant weapon {unknown}
 v - a scroll of amnesia
Potions
 f - 2 potions of heal wounds {unknown}
 h - a potion of haste {unknown}
 o - a potion of attraction
 r - a potion of curing {unknown}


   Skills:
 + Level 4.2 Fighting
 + Level 3.8 Long Blades
 + Level 0.7 Throwing
 + Level 4.4 Armour
 + Level 0.3 Dodging
 + Level 0.2 Stealth
 + Level 4.0 Shields


You had 3 spell levels left.
You didn't know any spells.
Your spell library contained the following spells:

 Spells                   Type           Power      Damage    Failure   Level
 Confusing Touch          Hex            0%         N/A       99%         3
 Dazzling Flash           Conj/Hex       0%         N/A       99%         3
 Iskenderun's Mystic Bla  Conj/Tloc      0%         2d3       100%        4
 Yara's Violent Unravell  Hex/Tmut       0%         3d3       100%        5
 Starburst                Conj/Fire      0%         6d3       100%        6
 Enfeeble                 Hex            0%         N/A       100%        7


Dungeon Overview and Level Annotations

Branches:
Dungeon (3/15)

Altars:
Ashenzari
Uskayaw

Shops:
D:1 [   D:3 ?

Annotations:
D:3 Crazy Yiuf


Innate Abilities, Weirdness & Mutations

You have a pair of horns on your head.
You reflexively headbutt those who attack you in melee.


Message History

You pick up a book of Misfortune and begin reading...
You add the spells Confusing Touch, Yara's Violent Unravelling and Enfeeble to your library.
v - a scroll of amnesia
There is a stone staircase leading up here.
A ball python comes into view.
The ball python hisses angrily.
Okay, then.
You slash the ball python!
You kill the ball python!
You see here a ball python corpse.
Found a hammer.
Found a runed translucent door.
Crazy Yiuf shouts!
You feel very mighty all of a sudden. As you open the door, it creaks loudly!
You closely miss Crazy Yiuf. Your headbutt misses Crazy Yiuf.
Crazy Yiuf hits you with a +4 quarterstaff of chaos.
You are poisoned.
You barely miss Crazy Yiuf.
You feel very sick.
Crazy Yiuf hits you with a +4 quarterstaff of chaos.
You are more poisoned.
You completely miss Crazy Yiuf.
You feel very sick.
Crazy Yiuf whimpers, "Papa light canine!"
Crazy Yiuf barely misses you. You furiously retaliate!
You headbutt Crazy Yiuf! You hit Crazy Yiuf.
Crazy Yiuf is almost dead.
You feel very sick.
Crazy Yiuf hits you with a +4 quarterstaff of chaos!
You are electrocuted!
* * * LOW HITPOINT WARNING * * *
You block Crazy Yiuf's attack.
You can now pass through a line of other dancers.
It was a potion of degeneration.
There was something very wrong with that liquid.
You feel weakened.
You feel dopey.
You feel clumsy.
* * * LOW HITPOINT WARNING * * *
You feel very sick.
Crazy Yiuf hits you with a +4 quarterstaff of chaos!
You die...

####
...#####
##.#...#
#####
.....).#
#..)#
##.#...#
#...#
##.##.## ...
#...#.## #g#
.......#
##@#
#......#
#.##
##.....#
##.#
##.....##
#.##
.......>####
##.##
...........#
#...##
........####
#..#.#
##....###
#....#
#....#
#....#


You could see Crazy Yiuf.

Vanquished Creatures
  Robin (D:3)
  An adder (D:2)
  An orc (D:3)
  10 endoplasms
  4 giant cockroaches
  12 goblins
  3 hobgoblins
  3 jackals (D:3)
  3 quokkas
  3 ball pythons
  7 bats
  5 frilled lizards
  8 kobolds
  5 rats
66 creatures vanquished.

Notes
Turn   | Place    | Note
-------+----------+-------------------------------------------
     0 | D:1      | promet the Minotaur Fighter began the quest for the Orb.
     0 | D:1      | Reached XP level 1. HP: 19/19 MP: 0/0
   428 | D:1      | Reached XP level 2. HP: 26/27 MP: 1/1
   692 | D:1      | Found Viuteuna's Armour Emporium.
  1604 | D:2      | Found a faded altar of an unknown god.
  1683 | D:2      | Reached XP level 3. HP: 32/33 MP: 2/2
  2105 | D:2      | Noticed a scorpion
  2411 | D:2      | Found a hide-covered altar of Uskayaw.
  2609 | D:2      | Became a worshipper of Uskayaw the Reveller
  2760 | D:3      | Noticed Robin
  2818 | D:3      | Reached * piety under Uskayaw
  3038 | D:3      | Found Hoheumnoa's Magic Scroll Emporium.
  3073 | D:3      | Reached XP level 4. HP: 38/40 MP: 3/3
  3482 | D:3      | Killed Robin
  3485 | D:3      | Found a broken altar of Ashenzari.
  3734 | D:3      | Found a runed translucent door.
  3735 | D:3      | Noticed Crazy Yiuf
  3743 | D:3      | Reached ** piety under Uskayaw
  3744 | D:3      | Mangled by Crazy Yiuf

Illustrated notes

Levels and vault maps discovered:
D:1:      heliophobic_arrival_dark_side_of_the_moon, layout_basic, serial_shops,
          shop, minmay_tripent
D:2:      layout_rooms, basic_altar, nicolae_ecumenical_oubliette,
          chequers_serial_rivers_micro_b
D:3:      layout_loops_ring, lemuel_doored_altar, serial_shops,
          nicolae_shop_waterfront, st_stairs_8, serial_bayou_crossing,
          uniq_crazy_yiuf_cottage, uniq_robin

Skill      XL: |  1  2  3 |
---------------+----------+-----
Armour         | 4 |  4.4
Long Blades    | 3 |  3.8
Fighting       | 4 |  4.2
Shields        | 4 |  4.0
Throwing       | |  0.7
Dodging        | |  0.3
Stealth        | |  0.2

Action                   |  1- 3 |  4- 6 || total
-------------------------+-------+-------++-------
Melee: Long sword        |   115 |    35 ||   150
       Headbutt          |    18 |     1 ||    19
Throw: Dart              |       |     3 ||     3
       Stone             |       |     3 ||     3
  Use: Scroll            |    10 |       ||    10
       Potion            |       |     2 ||     2
Armor: Scale mail        |    61 |     9 ||    70
Dodge: Dodged            |    42 |    19 ||    61
Block: Buckler           |    23 |    10 ||    33
